[Event "Danish Skakligaen 2024-25"]
[Site "Denmark"]
[Date "2024.11.03"]
[Round "2.7"]
[White "Petersen, Steen"]
[Black "Brondt, Nicolai Kvist"]
[Result "0-1"]
[ECO "B23"]
[WhiteElo "2128"]
[BlackElo "2223"]
[Annotator "RC"]
[PlyCount "88"]
[EventDate "2024.11.02"]
[EventType "team-tourn"]
[EventCountry "DEN"]
[SourceTitle "playchess.com"]
[Source "ChessBase"]
[SourceQuality "1"]
[TimeControl "40/5400+30:1800+30"]

1. e4 c5 2. Nc3 e6 3. g3 Nc6 4. Bg2 g6 5. d3 Bg7 6. Be3 d6 7. Qd2 Rb8 8. Nge2 Nd4 9. O-O b5 10. a3 a5 11. Nc1 Ne7 12. Nd1 O-O 13. c3 Ndc6 14. d4 cxd4 15. cxd4 b4 16. axb4 Rxb4 17. Nc3 Nxd4 18. Ra3 Nec6 19. Rd1 Ba6 20. b3 Qb8 21. N3a2 Nxb3 22. Qxd6 Nxc1 23. Qxc6 Nxa2 24. Qxa6 Nc3 25. Rf1 a4 26. Bc5 Rd8 27. Bxb4 Qxb4 28. Raa1 Bd4 29. h4 h5 30. Kh2 e5 31. f4 exf4 32. gxf4 Qe7 33. Kh3 Rb8 34. Qc4 Rb4 35. Qc8+ Kg7 36. f5 Nxe4 37. fxg6 Nf2+ 38. Rxf2 Bxf2 39. Qc3+ Rd4 40. Bf3 Qxh4+ 41. Kg2 Qg3+ 42. Kf1 fxg6 43. Ra2 Qg1+ 44. Ke2 Bg3 0-1

[Event "Danish Skakligaen 2024-25"]
[Site "Denmark"]
[Date "2024.11.03"]
[Round "2.7"]
[White "Madsen, Michael B."]
[Black "Kakulidis, Ellen"]
[Result "1/2-1/2"]
[ECO "D02"]
[WhiteElo "2061"]
[BlackElo "2031"]
[Annotator "RC"]
[PlyCount "39"]
[EventDate "2024.11.02"]
[EventType "team-tourn"]
[EventCountry "DEN"]
[SourceTitle "playchess.com"]
[Source "ChessBase"]
[SourceQuality "1"]
[TimeControl "40/5400+30:1800+30"]

1. Nf3 d5 2. d4 Nf6 3. g3 c6 4. Bg2 Bf5 5. O-O h6 6. c4 e6 7. b3 Be7 8. Bb2 Nbd7 9. Nbd2 Ne4 10. Nxe4 Bxe4 11. Nd2 Bxg2 12. Kxg2 Nf6 13. f3 c5 14. e4 dxe4 15. fxe4 cxd4 16. e5 Nd7 17. Bxd4 Qc7 18. Qg4 O-O 19. Nf3 Rad8 20. Rae1 1/2-1/2

[Event "Danish Skakligaen 2024-25"]
[Site "Denmark"]
[Date "2024.11.03"]
[Round "2.7"]
[White "Holm, Filip"]
[Black "Nielsen, Lars Aaes"]
[Result "0-1"]
[ECO "C02"]
[WhiteElo "1993"]
[BlackElo "2208"]
[Annotator "RC"]
[PlyCount "42"]
[EventDate "2024.11.02"]
[EventType "team-tourn"]
[EventCountry "DEN"]
[SourceTitle "playchess.com"]
[Source "ChessBase"]
[SourceQuality "1"]
[TimeControl "40/5400+30:1800+30"]

1. e4 e6 2. d4 d5 3. e5 c5 4. Nf3 Nc6 5. c3 Qb6 6. Be2 cxd4 7. cxd4 Nh6 8. Nc3 Nf5 9. Bb5 Bb4 10. Qd3 O-O 11. a3 Be7 12. Na4 Qc7 13. g4 Nh4 14. Ng5 Ng6 15. h4 Ncxe5 16. dxe5 a6 17. f4 axb5 18. h5 Bxg5 19. hxg6 Rxa4 20. b4 fxg6 21. Qh3 h6 0-1

[Event "Danish Skakligaen 2024-25"]
[Site "Denmark"]
[Date "2024.11.03"]
[Round "2.8"]
[White "Ostergaard, Jens"]
[Black "Henriksen, Kasper"]
[Result "1-0"]
[ECO "E97"]
[WhiteElo "2268"]
[BlackElo "2102"]
[Annotator "RC"]
[PlyCount "59"]
[EventDate "2024.11.02"]
[EventType "team-tourn"]
[EventCountry "DEN"]
[SourceTitle "playchess.com"]
[Source "ChessBase"]
[SourceQuality "1"]
[TimeControl "40/5400+30:1800+30"]

1. d4 Nf6 2. Nf3 g6 3. c4 Bg7 4. Nc3 O-O 5. e4 d6 6. Be2 e5 7. O-O Nc6 8. Be3 Ng4 9. Bg5 f6 10. Bc1 Nh6 11. d5 Ne7 12. Nd2 f5 13. f3 f4 14. b4 a5 15. bxa5 Rxa5 16. a4 g5 17. Ba3 Rf6 18. c5 Rg6 19. h3 Nf7 20. Nc4 Ra6 21. Nb5 h5 22. Rc1 Kh7 23. Nxc7 dxc5 24. Nxa6 bxa6 25. Bxc5 Nh6 26. Kf2 g4 27. hxg4 Nxd5 28. Rh1 Qc7 29. Qxd5 Bb7 30. Bd6 1-0

[Event "Danish Skakligaen 2024-25"]
[Site "Denmark"]
[Date "2024.11.03"]
[Round "2.8"]
[White "Berg, Klaus"]
[Black "Holmsgaard, Henrik"]
[Result "1/2-1/2"]
[ECO "A13"]
[WhiteElo "2265"]
[BlackElo "2147"]
[Annotator "RC"]
[PlyCount "37"]
[EventDate "2024.11.02"]
[EventType "team-tourn"]
[EventCountry "DEN"]
[SourceTitle "playchess.com"]
[Source "ChessBase"]
[SourceQuality "1"]
[TimeControl "40/5400+30:1800+30"]

1. c4 e6 2. Nf3 d5 3. d4 c5 4. cxd5 exd5 5. e3 Nc6 6. Be2 Nf6 7. O-O cxd4 8. Nxd4 Bd6 9. Nc3 O-O 10. Bf3 Be5 11. Nce2 Bg4 12. h3 Bd7 13. b3 Ne4 14. Ba3 Re8 15. Nxc6 Bxc6 16. Nd4 Qf6 17. Bb2 Bd7 18. Bg4 Bxg4 19. Qxg4 1/2-1/2

[Event "Danish Skakligaen 2024-25"]
[Site "Denmark"]
[Date "2024.11.03"]
[Round "2.8"]
[White "Wahlgreen, Noah Krug"]
[Black "Rendboe, John Filip"]
[Result "1-0"]
[ECO "B32"]
[WhiteElo "2090"]
[BlackElo "2145"]
[Annotator "RC"]
[PlyCount "73"]
[EventDate "2024.11.02"]
[EventType "team-tourn"]
[EventCountry "DEN"]
[SourceTitle "playchess.com"]
[Source "ChessBase"]
[SourceQuality "1"]
[TimeControl "40/5400+30:1800+30"]

1. e4 c5 2. Nf3 Nc6 3. d4 cxd4 4. Nxd4 e5 5. Nb5 d6 6. N1c3 a6 7. Na3 Be7 8. Nc4 b5 9. Ne3 Nf6 10. Bd3 O-O 11. O-O Be6 12. a4 Nb4 13. Be2 bxa4 14. Rxa4 a5 15. Ncd5 Nbxd5 16. exd5 Bd7 17. Ra3 g6 18. Nc4 Ne4 19. Be3 Rb8 20. f3 Nf6 21. Rxa5 Rxb2 22. Ra6 Rb5 23. Nb6 Rb4 24. Qd2 Rh4 25. Rfa1 Bf5 26. g3 Rd4 27. Bxd4 exd4 28. g4 Bc8 29. Nxc8 Qxc8 30. Rc6 Qb7 31. Qxd4 Rb8 32. Kg2 Bd8 33. Rxd6 Qe7 34. Rxd8+ Rxd8 35. Bc4 Ne8 36. Ra7 Qg5 37. Rxf7 1-0

[Event "Danish Skakligaen 2024-25"]
[Site "Denmark"]
[Date "2024.11.03"]
[Round "2.8"]
[White "Skou, Niels"]
[Black "Guindy, Esmat Susanne"]
[Result "1-0"]
[ECO "D31"]
[WhiteElo "2054"]
[BlackElo "2020"]
[Annotator "RC"]
[PlyCount "139"]
[EventDate "2024.11.02"]
[EventType "team-tourn"]
[EventCountry "DEN"]
[SourceTitle "playchess.com"]
[Source "ChessBase"]
[SourceQuality "1"]
[TimeControl "40/5400+30:1800+30"]

1. d4 d5 2. c4 e6 3. Nc3 Be7 4. cxd5 exd5 5. Bf4 c6 6. Qc2 g6 7. e3 Bf5 8. Qd1 Qb6 9. Qd2 Nf6 10. Nge2 Nbd7 11. Ng3 Ne4 12. Ngxe4 dxe4 13. Be2 O-O 14. O-O Nf6 15. Rfc1 Rfe8 16. h3 Rad8 17. Na4 Qb4 18. Qc2 Be6 19. a3 Qb3 20. Qxb3 Bxb3 21. Nc5 Bxc5 22. Rxc5 Rd7 23. Rc3 Bd5 24. Be5 Re6 25. g4 g5 26. b4 Ne8 27. b5 f6 28. Bg3 Nd6 29. a4 Kg7 30. Rc5 Nf7 31. Rac1 Nd8 32. Bb8 b6 33. R5c3 Kg6 34. Bg3 Kg7 35. Ra1 Nb7 36. Rac1 c5 37. Rd1 cxd4 38. Rxd4 Nc5 39. a5 Ree7 40. a6 Ne6 41. Rd2 Nc5 42. Kf1 Bf7 43. Rxd7 Rxd7 44. Ke1 Bd5 45. Bb8 Kf7 46. Bc4 Ke6 47. Ke2 Rf7 48. Rc2 Rd7 49. Ba2 Bxa2 50. Rxa2 Kd5 51. Rc2 Rf7 52. Kd2 Nd3 53. Bg3 Nc5 54. Kc3 Rf8 55. Kd2 Rd8 56. Ke2 Ke6 57. Rc4 f5 58. Bc7 Rd7 59. Rxc5 bxc5 60. b6 Rxc7 61. b7 fxg4 62. b8=Q Kd7 63. hxg4 c4 64. Qb5+ Kd6 65. Kd2 c3+ 66. Kc2 h6 67. Qf5 Rc6 68. Qxe4 Kc5 69. Kxc3 Kb6+ 70. Kb4 1-0

[Event "Danish Skakligaen 2024-25"]
[Site "Denmark"]
[Date "2024.11.03"]
[Round "2.8"]
[White "Noer, Martin Stampe"]
[Black "Pedersen, Peer Ole"]
[Result "0-1"]
[ECO "D00"]
[WhiteElo "1902"]
[BlackElo "2020"]
[Annotator "RC"]
[PlyCount "79"]
[EventDate "2024.11.02"]
[EventType "team-tourn"]
[EventCountry "DEN"]
[SourceTitle "playchess.com"]
[Source "ChessBase"]
[SourceQuality "1"]
[TimeControl "40/5400+30:1800+30"]

1. d4 d5 2. Bf4 c5 3. e3 Nc6 4. c3 Nf6 5. Nd2 Bf5 6. Ngf3 c4 7. Nh4 Bg4 8. Be2 Be6 9. O-O h6 10. Bg3 Ne4 11. f4 g5 12. fxg5 Nxg3 13. hxg3 hxg5 14. Nf5 Bxf5 15. Rxf5 e6 16. Rf3 g4 17. Rf4 Bh6 18. Bxg4 Bxf4 19. exf4 Qf6 20. Nf3 Rg8 21. Ng5 Rxg5 22. fxg5 Qxg5 23. Qe2 O-O-O 24. Rf1 Rg8 25. Rf4 Nd8 26. b3 cxb3 27. axb3 f5 28. Bh3 Qxg3 29. Rf3 Qh4 30. Qe5 Qe4 31. Re3 Qxe5 32. Rxe5 Kd7 33. c4 Nc6 34. Re3 dxc4 35. bxc4 Kd6 36. Rd3 a5 37. Kf2 Rg5 38. Ke3 Nb4 39. Rd2 Rg3+ 40. Ke2 0-1